 Dungeon Crawl Stone Soup version 0.15.2 (webtiles) character file.

499 bullock the Ruinous (level 7, -1/41 HPs)
             Began as an Octopode Wizard on Nov 26, 2014.
             Slain by a slave (5 damage)
             ... led by Pikel
             ... on Level 4 of the Dungeon.
             The game lasted 00:15:50 (5938 turns).

bullock the Ruinous (Octopode Wizard)               Turns: 5938, Time: 00:15:50

HP  -1/41        AC  1     Str  6      XL: 7   Next: 16%
MP   6/18        EV 12     Int 22      God:
Gold 165         SH  0     Dex 11      Spells:  5 memorised,  4 levels left

rFire  . . .     SeeInvis .     t - +2 whip (holy)
rCold  . . .     Clarity  .     (no shield)
rNeg   . . .     rCorr    .     b - +0 hat
rPois  .         rRot     .     (no amulet)
rElec  .         Spirit   .     (no ring)
SustAb .         Warding  .     (no ring)
rMut   .         Stasis   .     (no ring)
Gourm  .                        (no ring)
MR     .....                    (no ring)
                                (no ring)
                                (no ring)
                                (no ring)

@: very slightly contaminated, repel missiles, not resistant to hostile
enchantments, fairly stealthy
A: almost no armour, amphibious, 8 rings, constrict 8, camouflage 1, gelatinous
body 1
a: no special abilities


You were on level 4 of the Dungeon.
You were not hungry.

You visited 1 branch of the dungeon, and saw 4 of its levels.

You collected 165 gold pieces.

Inventory:

Hand weapons
 t - a +2 whip of holy wrath (weapon)
Armour
 b - a +0 hat (worn)
Magical devices
 s - a wand of flame (11) {unknown}
Comestibles
 d - 4 bread rations
 l - 2 beef jerkies
 q - a slice of pizza
Scrolls
 a - a scroll of fear {unknown}
 e - 4 scrolls of remove curse {unknown}
 f - 7 scrolls of identify {unknown}
 m - a scroll of teleportation {unknown}
 p - a scroll of blinking {unknown}
Jewellery
 r - a cursed ring of loudness {unknown}
Potions
 g - a potion of cure mutation {unknown}
 h - a potion of brilliance {unknown}
 i - a potion of poison {unknown}
 j - a potion of haste {unknown}
 k - 2 potions of curing {unknown}
 n - 2 potions of restore abilities {unknown}
 o - 2 potions of lignification {unknown}
 u - a potion of heal wounds {unknown}
Books
 c - a book of Minor Magic

   Spells                             Type                      Level
   *Magic Dart                        Conjuration                  1
   *Blink                             Translocation                2
   Call Imp                           Summoning                    2
   *Repel Missiles                    Charms/Air                   2
   Slow                               Hexes                        2
   *Conjure Flame                     Conjuration/Fire             3
   *Mephitic Cloud                    Conjuration/Poison/Air       3


   Skills:
 - Level 2.0 Dodging
 - Level 2.6 Stealth
 + Level 4.9 Spellcasting
 * Level 5.9 Conjurations
   Level 1.0 Summonings
 - Level 1.0 Translocations


You had 4 spell levels left.
You knew the following spells:

 Your Spells              Type           Power        Failure   Level  Hunger
a - Magic Dart            Conj           ####         1%          1    None
f - Conjure Flame         Conj/Fire      ###.....     12%         3    ##.....
q - Blink                 Tloc           N/A          12%         2    None
r - Mephitic Cloud        Conj/Pois/Air  ##......     14%         3    ##.....
v - Repel Missiles        Chrm/Air       #.....       17%         2    None


Dungeon Overview and Level Annotations

Branches:
Dungeon (4/15)
 Temple: D:4-7

Altars:
Xom

Shops:
D:4 [

Annotations:
D:4 Pikel


Innate Abilities, Weirdness & Mutations

You cannot wear most types of armour.
You are amphibious.
You can wear up to eight rings at the same time.
You can use your tentacles to constrict many enemies at once.
Your skin changes colour to match your surroundings (Stealth).
Your rubbery body absorbs attacks (AC +1).


Message History

Pikel is lightly wounded.
You constrict Pikel, but do no damage.
Pikel is engulfed in roaring flames.
Pikel hits you with a glowing whip. Pikel freezes you. The slave hits you.
A jackal and a slave come into view.
Unknown command.
You hit Pikel.
Pikel is heavily wounded.
You constrict Pikel, but do no damage.
The jackal moves out of view.
The slave hits you.
Pikel is engulfed in roaring flames.
Pikel hits you with a whip of freezing!
* * * LOW HITPOINT WARNING * * *
Pikel freezes you.
* * * LOW HITPOINT WARNING * * *
The slave is engulfed in roaring flames.
Drink which item? (? for menu, Esc to quit)
Okay, then.
You hit Pikel but do no damage.
Pikel is severely wounded.
You constrict Pikel, but do no damage. The slave hits you.
You die...

#.# #.### # #... #.
#.. #..#####.# #
#.#...#...# .#
...........# .#
#.K..pp..####h.##
#.######..#......###
#..pK@.......#
#.(#p.........
##..##........
#..####ยง......
#####..## #......
#.......## ...!.
###......## ....
#.......##..#
##............


You could see Pikel, 4 slaves and a jackal.

Vanquished Creatures
  2 orc priests (D:4)
  2 hounds
  An iguana (D:4)
  A centaur skeleton (D:4)
  2 orc wizards (D:3)
  2 gnolls
  11 adders
  4 worms
  A giant gecko (D:3)
  3 oozes
  14 orcs
  6 giant cockroaches
  11 goblins
  9 hobgoblins
  11 jackals
  7 kobolds
  A quokka (D:2)
  4 ball pythons
  10 bats
  7 giant newts
  11 rats
120 creatures vanquished.

Notes
Turn   | Place    | Note
--------------------------------------------------------------
     0 | D:1      | bullock, the Octopode Wizard, began the quest for the Orb.
     0 | D:1      | Reached XP level 1. HP: 11/11 MP: 4/4
   589 | D:1      | Reached XP level 2. HP: 17/17 MP: 3/6
   721 | D:1      | Learned a level 2 spell: Blink
   724 | D:1      | Learned a level 2 spell: Repel Missiles
  1467 | D:1      | Reached XP level 3. HP: 21/21 MP: 6/8
  2324 | D:2      | Reached XP level 4. HP: 27/27 MP: 7/10
  3035 | D:2      | Reached XP level 5. HP: 27/31 MP: 4/12
  3068 | D:2      | Reached skill level 4 in Spellcasting
  3214 | D:2      | Found a shimmering altar of Xom.
  3697 | D:2      | Learned a level 3 spell: Conjure Flame
  3701 | D:2      | Learned a level 3 spell: Mephitic Cloud
  4200 | D:3      | Reached XP level 6. HP: 36/36 MP: 11/15
  4579 | D:3      | Reached skill level 5 in Conjurations
  5134 | D:4      | Found Gauqu's Antique Armour Boutique.
  5690 | D:4      | Reached XP level 7. HP: 41/41 MP: 0/18
  5926 | D:4      | Noticed Pikel
  5938 | D:4      | Slain by a slave

Action                   |  1- 3 |  4- 6 |  7- 9 || total
-------------------------+-------+-------+-------++-------
Melee: Unarmed           |     6 |       |       ||     6
       Dagger            |    17 |    20 |       ||    37
       Spear             |       |    16 |       ||    16
       Whip              |       |    22 |     8 ||    30
 Cast: Magic Dart        |    77 |   194 |     7 ||   278
       Repel Missiles    |     1 |     3 |       ||     4
       Blink             |     1 |       |       ||     1
       Mephitic Cloud    |       |     8 |     1 ||     9
       Conjure Flame     |       |     1 |     2 ||     3
 Stab: Sleeping          |       |     4 |       ||     4
       Confused          |       |     1 |       ||     1
  Eat: Chunk             |     4 |     9 |     1 ||    14
       Royal jelly       |       |     1 |       ||     1
